 Dungeon Crawl Stone Soup version 0.30-a0-360-g447f08457e (webtiles) character file.

Game seed: 7180165902954895958

511 Manisian the Magician (level 6, -2/29 HPs)
             Began as a Spriggan Venom Mage on Nov 13, 2022.
             Shot with an arrow by a centaur (11 damage)
             ... on level 5 of the Dungeon.
             The game lasted 00:09:22 (4030 turns).

Manisian the Magician (Spriggan Venom Mage)         Turns: 4030, Time: 00:09:23

Health: -2/29      AC:  3    Str:  4    XL:     6   Next: 99%
Magic:  9/15       EV: 18    Int: 18    God:
Gold:   215        SH:  0    Dex: 16    Spells: 6/16 levels left

rFire   + . .      SeeInvis +    g - +8 whip "Snakebite" {venom, curare, rPois}
rCold   . . .      Faith    .    (no shield)
rNeg    . . .      Spirit   .    a - +0 robe
rPois   +          Reflect  .    (helmet restricted)
rElec   .          Harm     .    m - +0 cloak
rCorr   .          Rampage  .    (gloves unavailable)
Will    +....                    (boots unavailable)
Stlth   +++.......               (no amulet)
HPRegen 0.24/turn                l - ring of protection from fire
MPRegen 0.14/turn                (no ring)

@: very quick
A: very small, no large weapons, unfitting armour, see invisible, speed 3
a: no special abilities


You were on level 5 of the Dungeon.
You visited 1 branch of the dungeon, and saw 5 of its levels.

You collected 215 gold pieces.

Inventory:

Hand Weapons
 e - a +3 spear
 f - a +0 dagger of protection
 g - the +8 whip "Snakebite" (weapon) {venom, curare, rPois}
   (You acquired it on level 4 of the Dungeon)

   It poisons the flesh of those it strikes.
   It occasionally inflicts asphyxiating poison on those it strikes, dealing
   poison damage and causing slowness.
   rPois:     It protects you from poison.
Missiles
 b - 2 poisoned darts
 c - 42 stones
Armour
 a - a +0 robe (worn)
 m - a +0 cloak (worn)
Jewellery
 l - a ring of protection from fire (left hand)
Scrolls
 j - a scroll of butterflies
 n - a scroll of fear
Potions
 d - 3 potions of curing
 h - 2 potions of degeneration
 i - a potion of haste
 k - a potion of invisibility
 o - a potion of attraction


   Skills:
 + Level 0.5 Fighting
 + Level 1.5 Short Blades
 + Level 0.4 Maces & Flails
 + Level 0.1 Polearms
 + Level 4.0 Dodging
 + Level 4.8 Stealth
 + Level 5.5 Spellcasting
 - Level 3.0 Transmutations
 + Level 1.8 Air Magic
 + Level 4.3 Poison Magic


You had 6 spell levels left.
You knew the following spells:

 Your Spells              Type           Power      Damage    Failure   Level
a - Sting                 Tmut/Pois      72%        1d6       2%          1
b - Poisonous Vapours     Pois/Air       32%        N/A       5%          2
c - Mephitic Cloud        Conj/Pois/Air  12%        N/A       16%         3
d - Olgreb's Toxic Radia  Pois           20%        N/A       22%         4

Your spell library contained the following spells:

 Spells                   Type           Power      Damage    Failure   Level
 Gell's Gravitas          Tloc           4%         N/A       36%         3
 Teleport Other           Tloc           4%         N/A       36%         3
 Vampiric Draining        Necr           4%         2d6       36%         3
 Borgnjor's Vile Clutch   Necr/Erth      2%         N/A       98%         5
 Dispersal                Tloc           2%         N/A       100%        6
 Death's Door             Necr           2%         N/A       100%        9


Dungeon Overview and Level Annotations

Branches:
Dungeon (5/15)
 Temple: D:4-7

Altars:
Qazlal
Xom
Zin

Annotations:
D:3 Grinder


Innate Abilities, Weirdness & Mutations

You are very small and have problems with some larger weapons.
You are too small for most types of armour.
You have supernaturally acute eyesight. (SInv)
You cover ground extremely quickly. (Speed+++)


Message History

A centaur comes into view.
You see here 12 gold pieces.
A centaur is nearby!
Casting: Poisonous Vapours (safe; 5% risk of failure)
Confirm with . or Enter, or press ? or * to list all spells.
Aiming: Poisonous Vapours (safe; 5% risk of failure)
Press: ? - help, Dir - move target, f - centaur
Aim: a centaur (asleep) Poisonous vapours surround the centaur!
The centaur is poisoned.
The centaur shouts!
The centaur wields a +0 shortbow.
The centaur shoots an arrow.
The arrow hits you!
Casting: Poisonous Vapours (safe; 5% risk of failure)
Confirm with . or Enter, or press ? or * to list all spells.
Okay, then.
Casting: Poisonous Vapours (safe; 5% risk of failure)
Confirm with . or Enter, or press ? or * to list all spells.
Aiming: Poisonous Vapours (safe; 5% risk of failure)
Press: ? - help, Dir - move target, f/p - centaur
Aim: a centaur, wielding a +0 shortbow (lightly wounded, poisoned) Poisonous vapours surround the centaur!
The centaur looks even sicker.
The centaur shoots an arrow.
The arrow closely misses you.
Casting: Poisonous Vapours (safe; 5% risk of failure)
Confirm with . or Enter, or press ? or * to list all spells.
Aiming: Sting (safe; 2% risk of failure)
Press: ? - help, Shift-Dir - straight line, f/p - centaur
Aim: a centaur, wielding a +0 shortbow (very poisoned, 84% to hit)
The sting hits the centaur but does no damage.
The centaur looks even sicker.
The centaur shoots an arrow.
The arrow closely misses you.
Casting: Sting (safe; 2% risk of failure)
Confirm with . or Enter, or press ? or * to list all spells.
Aiming: Sting (safe; 2% risk of failure)
Press: ? - help, Shift-Dir - straight line, f/p - centaur
Aim: a centaur, wielding a +0 shortbow (very poisoned, 84% to hit)
The sting hits the centaur.
The centaur looks as sick as possible!
The centaur is lightly wounded.
The centaur shoots an arrow.
The arrow hits you!
The centaur shoots an arrow.
The arrow hits you!
You die...

##+# #### #
..##......###..####..##.
...........#............
...........#............
...........#............
..........#....).......
#......###..†###....#
..##......###..)###....#
.....c.@.$.......#......
.................#......
.................#.†....
.................#......
.................#......
.................#......
########..####..##..##.#
#..# ..##..##.# ....#..


You could see a centaur (extremely poisoned).

Vanquished Creatures
  A black bear (D:5)
  A centaur (D:4)
  A scorpion (D:5)
  An orc priest (D:5)
  A hound (D:5)
  An orc wizard (D:5)
  2 iguanas (D:4)
  4 gnolls (D:3)
  3 adders
  A dart slug (D:1)
  An orc (D:5)
  6 ball pythons
  9 endoplasms
  5 giant cockroaches
  9 hobgoblins
  5 jackals
  5 kobolds
  4 quokkas
  6 bats
  2 frilled lizards
  7 goblins
  4 rats
79 creatures vanquished.

Notes
Turn   | Place    | Note
-------+----------+-------------------------------------------
     0 | D:1      | Manisian the Spriggan Venom Mage began the quest for the
                  | Orb.
     0 | D:1      | Reached XP level 1. HP: 9/9 MP: 5/5
   317 | D:1      | Reached XP level 2. HP: 12/13 MP: 2/6
   325 | D:1      | Reached skill level 3 in Spellcasting
   707 | D:1      | Learned a level 2 spell: Poisonous Vapours
   910 | D:1      | Reached XP level 3. HP: 16/16 MP: 5/8
  1642 | D:2      | Identified the +5 mace "Anecues" {vorpal, Fly Int+4 SInv}
  1798 | D:2      | Learned a level 3 spell: Mephitic Cloud
  1950 | D:3      | Got the Disquisition on Baneful Wicked Mysteries
  2127 | D:3      | Reached skill level 4 in Spellcasting
  2127 | D:3      | Reached XP level 4. HP: 7/21 MP: 0/11
  2307 | D:3      | Found a glowing silver altar of Zin.
  2664 | D:3      | Noticed Grinder
  2853 | D:4      | Noticed a centaur
  2866 | D:4      | Killed a centaur
  2867 | D:4      | Reached skill level 1 in Air Magic
  2867 | D:4      | Reached XP level 5. HP: 21/24 MP: 10/12
  3077 | D:4      | Reached skill level 5 in Spellcasting
  3610 | D:4      | Reached XP level 6. HP: 28/28 MP: 14/14
  3615 | D:4      | Learned a level 4 spell: Olgreb's Toxic Radiance
  3629 | D:4      | Found a stormy altar of Qazlal.
  3656 | D:4      | Found a shimmering altar of Xom.
  3710 | D:4      | Reached skill level 1 in Short Blades
  3781 | D:4      | Identified a scroll of acquirement
  3781 | D:4      | Acquired the +8 whip "Snakebite" {venom, curare, rPois}
  3781 | D:4      | Found the +8 whip "Snakebite" {venom, curare, rPois}
  3802 | D:5      | Entered Level 5 of the Dungeon
  4030 | D:5      | Shot with an arrow by a centaur

Illustrated notes

Levels and vault maps discovered:
D:1:      dpeg_arrival_solitude, layout_basic
D:2:      layout_rooms
D:3:      layout_basic, general_overflow_altar, nicolae_kite_square_tiling_tiny,
          grunt_ministairs_1, grunt_decor_resistance, uniq_grinder
D:4:      layout_loops_corners, mainiacjoe_overflow_big_doors,
          minmay_misc_feat_four_crosses, minmay_misc_feat_rugged,
          minmay_misc_feat_nine_boxes
D:5:      layout_gridville, minmay_temple_entry_drinking_statues,
          minmay_fountain_box

Skill      XL: |  1  2  3  4  5  6 |
---------------+-------------------+-----
Spellcasting   | 3 4 5 |  5.5
Transmutations | 2 3 |  3.0
Dodging        | 3 4 |  4.0
Air Magic      | 1 |  1.8
Poison Magic   | 4 |  4.3
Short Blades   | 1 |  1.5
Stealth        | 4 |  4.8
Fighting       | |  0.5
Maces & Flails | |  0.4
Polearms       | |  0.1

Action                   |  1- 3 |  4- 6 || total
-------------------------+-------+-------++-------
Melee: Spear             |     6 |       ||     6
       Unarmed           |     2 |       ||     2
       Punch             |     1 |       ||     1
       Dagger            |    35 |    55 ||    90
       Whip              |       |    14 ||    14
 Cast: Sting             |    68 |    26 ||    94
       Poisonous Vapours |    20 |    28 ||    48
  Use: Scroll            |     4 |     7 ||    11
       Potion            |       |     2 ||     2
 Stab: Sleeping          |     1 |     6 ||     7
Armor: Robe              |     6 |    19 ||    25
Dodge: Dodged            |    33 |    70 ||   103

Table legend: (Time is in decaauts)
 A = Elapsed time spent in this place.
 B = Non-inter-level travel time spent in this place.
 C = Inter-level travel time spent in this place.
 D = Time resting spent in this place.
 E = Time spent auto-exploring this place.
 F = Levels seen in this place.
 G = Mean time per level.
                   A        B        C        D        E       F      G
               +--------+--------+--------+--------+--------+-----+--------+
         Total |   3168 |   3143 |     25 |      9 |   2604 |   5 |  633.6 |
       Dungeon |   3168 |   3143 |     25 |      9 |   2604 |   5 |  633.6 |
               +--------+--------+--------+--------+--------+-----+--------+

Top non-repeatable levels by time:
     D:1: 952 daAuts
     D:4: 807 daAuts
     D:3: 717 daAuts
     D:2: 490 daAuts
     D:5: 200 daAuts
